 Dungeon Crawl Stone Soup version 0.32-a0-841-g4648e6c457 (webtiles) character file.

Game seed: 14655024008656854644

79 ytrimaz the Caller (level 4, -1/30 HPs)
             Began as a Demonspawn Summoner on Mar 26, 2024.
             Slain by an orc wizard
             ... wielding a +0 dagger
              (3 damage)
             ... on level 4 of the Dungeon.
             The game lasted 00:02:38 (2431 turns).

ytrimaz the Caller (Demonspawn Summoner)            Turns: 2431, Time: 00:02:38

Health: -1/30      AC:  4    Str:  6 (8)  XL:     4   Next: 17%
Magic:  1/8        EV: 11    Int: 18      God:
Gold:   108        SH:  4    Dex: 13      Spells: 6/9 levels left

rFire   + . .        m - +9 dagger of Deonk {speed, rF+}
rCold   . . .        (no shield)
rNeg    . . .        a - +0 robe
rPois   .            (no helmet)
rElec   .            c - +0 cloak
rCorr   .            j - +0 pair of gloves
SInv    .            (no boots)
Will    .....        (no amulet)
Stlth   ++           (no ring)
HPRegen 0.25/turn    (no ring)
MPRegen 0.22/turn

%: no passive effects
@: no status effects
A: claws 1, magic regeneration, condensation shield
a: no special abilities


You were on level 4 of the Dungeon.
You visited 1 branch of the dungeon, and saw 4 of its levels.

You collected 108 gold pieces.


Innate Abilities, Weirdness & Mutations

You have sharp fingernails.
You regenerate magic rapidly.
A meltable shield of frost defends you. (SH +4)


   Skills:
 - Level 1.7 Dodging
 - Level 1.7 Stealth
 + Level 3.2 Spellcasting
 + Level 4.9 Summonings


You had 6 spell levels left.
You knew the following spells:

 Your Spells              Type           Power      Damage    Failure   Level
a - Summon Small Mammal   Summ           80%        N/A       1%          1
b - Call Imp              Summ           40%        N/A       3%          2

Your spell library contained the following spells:

 Spells                   Type           Power      Damage    Failure   Level
 Call Canine Familiar     Summ           20%        N/A       6%          3
 Freeze                   Ice            8%         1d3       16%         1
 Frozen Ramparts          Ice            4%         1d1       43%         3
 Hailstorm                Conj/Ice       2%         3d5       43%         3
 Summon Blazeheart Golem  Fire/Summ      11%        N/A       50%         4
 Summon Lightning Spire   Summ/Air       11%        N/A       50%         4
 Cause Fear               Hex            1%         N/A       85%         4
 Fireball                 Conj/Fire      1%         3d3       99%         5
 Dragon's Call            Summ           10%        N/A       100%        9

Inventory:

Hand Weapons
 b - a +0 vampiric short sword
   (You took it off a kobold on level 1 of the Dungeon)
 m - the +9 dagger of Deonk (weapon) {speed, rF+}
   (You found it on level 3 of the Dungeon)

   rF+:       It protects you from fire.
Armour
 a - a +0 robe (worn)
 c - a +0 cloak (worn)
   (You found it on level 1 of the Dungeon)
 j - a +0 pair of gloves (worn)
   (You found it on level 2 of the Dungeon)
Jewellery
 f - an amulet of guardian spirit
   (You found it on level 1 of the Dungeon)
Scrolls
 d - 3 scrolls of identify
 e - 2 scrolls of vulnerability
 g - a scroll of noise
 k - a scroll of brand weapon {unknown}
 l - a scroll of teleportation {unknown}
Potions
 h - 2 potions of brilliance
 i - a potion of mutation

Dungeon Overview and Level Annotations

Branches:
Dungeon (4/15) Zot: 21567
 Temple: D:4-7

Altars:
Fedhas
Hepliaklqana
Makhleb

....... #........
#..##.......###........
............##........ #
..................... ..
#.............#<..#..
...#..........#.##...#..
##...............#######
#.....oo5.........##
#.....o@r.....###..#
##....r............#
#.##............###
#............##
##.####.##..## ##
#######


You could see an orc wizard (ally target), 2 orcs, a friendly cerulean imp
(summoned) and 2 friendly rats.


Message History

Your quokka barely misses the orc wizard.
The orc wizard hits your quokka but does no damage. 😎 MP[-2]
You lost 2 mp, and now have 1/7 mp.
Unknown command.
You hit the orc wizard.
Your quokka barely misses the orc wizard.
Your quokka bites the orc wizard. 😎 MP[+1] Unknown command.
You hit the orc wizard.
The orc wizard closely misses your quokka.
The orc wizard gestures at you while chanting.
You are confused.
The orc hits your quokka with a +0 whip.
Your quokka closely misses the orc wizard.
Your quokka barely misses the orc wizard.
Okay, then.
Okay, then.
Unknown command.
Your cerulean imp hits the orc wizard from afar with a -3 spear.
The orc wizard closely misses your quokka.
Your quokka closely misses the orc wizard.
The orc wizard hits you with a +0 dagger.
The orc hits your quokka with a +0 whip.
Your quokka dies!
Your quokka's corpse disappears in a puff of smoke!
Your quokka barely misses the orc wizard. 😕 HP[-3]
You take 3 damage, and now have 21/24 hp.
Your cerulean imp hits the orc wizard from afar with a -3 spear.
The orc wizard dies!
Your quokka bites the orc wizard.
The orc wizard gestures at you while chanting.
The magic dart hits your quokka.
Your quokka dies!
Your quokka's corpse disappears in a puff of smoke!
You feel your strength returning.
You have reached level 4!
You feel clever.
Your demonic ancestry asserts itself...
Your fingernails lengthen. 😕 HP[+6]
You now have 30 max hp (+6).
You regained 6 hp, and now have 27/30 hp.
Your cerulean imp barely misses the orc wizard.
The orc barely misses you.
The orc wizard points at you and mumbles some strange words.
The magic dart hits you!
The orc hits you with a +0 whip. 😮 HP[-8]
You take 8 damage, and now have 19/30 hp.
MASSIVE DAMAGE!! (PAUSE)
You are too injured to fight recklessly!
Okay, then.
Okay, then.
Unknown command.
Your cerulean imp hits the orc wizard from afar with a -3 spear.
The orc hits you with a +0 dagger.
* * * LOW HITPOINT WARNING * * *
The orc hits you with a +0 whip.
* * * LOW HITPOINT WARNING * * *
Your magical contamination has completely faded away. 😨 HP[-8] MP[+1]
You take 8 damage, and now have 11/30 hp.
MASSIVE DAMAGE!! (PAUSE)
You feel less confused.
Your cerulean imp hits the orc wizard but does no damage.
The orc closely misses you. The orc wizard closely misses you.
The orc hits you with a +0 whip.
* * * LOW HITPOINT WARNING * * *
😨 HP[-1]
You take 1 damage, and now have 10/30 hp.
Unknown command.
Unknown command.
Casting: Call Imp (safe; 3% risk of failure)
Confirm with . or Enter, or press ? or * to list all spells.
Your cerulean imp hits the orc wizard with a -3 spear.
The orc misses you.
The orc wizard points at you and mumbles some strange words.
You resist with some effort. The orc closely misses you. 😨 MP[-1]
You lost 1 mp, and now have 2/8 mp.
Unknown command.
Casting: Summon Small Mammal (safe; 1% risk of failure)
Confirm with . or Enter, or press ? or * to list all spells.
Your cerulean imp hits the orc wizard with a -3 spear.
The orc wizard casts a spell at you. The magic dart hits you.
* * * LOW HITPOINT WARNING * * *
The orc closely misses you.
You block the orc's attack. 😱 HP[-4] MP[-1]
You take 4 damage, and now have 6/30 hp.
You lost 1 mp, and now have 1/8 mp.
Unknown command.
You barely miss the orc wizard.
Your cerulean imp completely misses the orc wizard.
The orc hits you with a +0 dagger.
* * * LOW HITPOINT WARNING * * *
The orc barely misses you.
The orc wizard hits you with a +0 dagger.
You die...

Skill      XL: |  1  2  3 |
---------------+----------+-----
Spellcasting   | 3 |  3.2
Dodging        | |  1.7
Stealth        | |  1.7
Summonings     | |  4.9

Action                     |  1- 3 |  4- 6 || total
---------------------------+-------+-------++-------
  Melee: Unarmed           |    36 |       ||    36
         Short sword       |   115 |       ||   115
         Dagger            |     9 |     1 ||    10
   Cast: Summon Small Mamm |    59 |     2 ||    61
         Call Imp          |     3 |       ||     3
    Use: Potion            |     2 |       ||     2
         Scroll            |     4 |       ||     4
   Stab: Sleeping          |     1 |       ||     1
         Distracted        |     1 |       ||     1
 Armour: Robe              |   104 |     8 ||   112
  Dodge: Dodged            |   118 |     7 ||   125
  Block: Other             |    32 |     1 ||    33

Levels and vault maps discovered:
D:1:      nzn_arrival_water_spiral, layout_loops_ring
D:2:      layout_rooms, basic_altar
D:3:      layout_loops_cross, nicolae_overflow_hidden_temple,
          general_overflow_altar
D:4:      layout_cave_pools, nicolae_titane

Notes
Turn   | Place    | Note
-------+----------+-------------------------------------------
     0 | D:1      | ytrimaz the Demonspawn Summoner began the quest for the
                  | Orb.
     0 | D:1      | Reached XP level 1. HP: 13/13 MP: 3/3
     0 | D:1      | magus.rc [v1.9.6]
   532 | D:1      | Gained mutation: A meltable shield of frost defends you.
                  | (SH +4) [demonic ancestry]
   532 | D:1      | Reached XP level 2. HP: 19/19 MP: 1/5
   551 | D:1      | HP: 4/19 [quokka (4)]
   558 | D:1      | HP: 3/19 [quokka (3)]
   563 | D:1      | HP: 1/19 [kobold/stone (1)]
   664 | D:1      | Learned a level 2 spell: Call Imp
  1138 | D:2      | You pick up a book of Frost and begin reading...
  1138 | D:2      | You add the spells Freeze, Frozen Ramparts and Hailstorm to
                  | your library.
  1179 | D:2      | Gained mutation: You regenerate magic rapidly. [demonic
                  | ancestry]
  1179 | D:2      | Reached XP level 3. HP: 17/24 MP: 4/7
  1202 | D:2      | Found a blossoming altar of Fedhas.
  1645 | D:3      | Found a burning altar of Makhleb.
  1989 | D:3      | Identified the +9 dagger of Deonk {speed, rF+}
  2016 | D:3      | Reached skill level 3 in Spellcasting
  2069 | D:3      | You pick up a book of the Dragon and begin reading...
  2069 | D:3      | You add the spells Cause Fear, Fireball and Dragon's Call
                  | to your library.
  2101 | D:3      | Found a hazy altar of Hepliaklqana.
  2426 | D:4      | Gained mutation: You have sharp fingernails. [demonic
                  | ancestry]
  2426 | D:4      | Reached XP level 4. HP: 27/30 MP: 2/8
  2430 | D:4      | HP: 6/30 [orc wizard/magic dart (4)]
  2431 | D:4      | HP: 2/30 [orc/+0 dagger (4)]
  2431 | D:4      | Slain by an orc wizard

Vanquished Creatures
  A ribbon worm (D:2)
  An orc (D:3)
  3 ball pythons
  4 endoplasms
  A giant cockroach (D:3)
  3 hobgoblins
  A kobold (D:3)
  2 quokkas
  4 bats
  2 frilled lizards
  3 rats
25 creatures vanquished.

Vanquished Creatures (collateral kills)
  An orc wizard (D:4)
  A dart slug (D:2)
  A ribbon worm (D:2)
  A ball python (D:2)
  3 bats
  2 endoplasms
  A goblin (D:2)
  A hobgoblin (D:2)
  A quokka (D:1)
  4 frilled lizards
  2 kobolds (D:1)
  4 rats
22 creatures vanquished.

Grand Total: 47 creatures vanquished

Table legend:
 A = Non-vault XP
 B = Vault XP
 C = Vault XP percentage of total XP
 D = Non-vault monster count
 E = Vault monster count
 F = Vault count percentage of total count
                 A         B        C        D         E       F
            +---------+---------+-------+---------+---------+-------
      Total |     114 |       0 |   0.0 |      47 |       0 |   0.0
            +---------+---------+-------+---------+---------+-------
        D:1 |      24 |       0 |   0.0 |      17 |       0 |   0.0
        D:2 |      30 |       0 |   0.0 |      15 |       0 |   0.0
        D:3 |      25 |       0 |   0.0 |      14 |       0 |   0.0
        D:4 |      35 |       0 |   0.0 |       1 |       0 |   0.0
            +---------+---------+-------+---------+---------+-------

Skill      XL: |  1  2  3 |
---------------+----------+-----
Spellcasting   | 3 |  3.2
Dodging        | |  1.7
Stealth        | |  1.7
Summonings     | |  4.9

Action                     |  1- 3 |  4- 6 || total
---------------------------+-------+-------++-------
  Melee: Unarmed           |    36 |       ||    36
         Short sword       |   115 |       ||   115
         Dagger            |     9 |     1 ||    10
   Cast: Summon Small Mamm |    59 |     2 ||    61
         Call Imp          |     3 |       ||     3
    Use: Potion            |     2 |       ||     2
         Scroll            |     4 |       ||     4
   Stab: Sleeping          |     1 |       ||     1
         Distracted        |     1 |       ||     1
 Armour: Robe              |   104 |     8 ||   112
  Dodge: Dodged            |   118 |     7 ||   125
  Block: Other             |    32 |     1 ||    33

Illustrated notes

Table legend:
 A = Kills in this place as a percentage of kills in the entire game.
 B = Kills by you in this place as a percentage of kills by you in the entire game.
 C = Kills by friends in this place as a percentage of kills by friends in the entire game.
 D = Other kills in this place as a percentage of other kills in the entire game.
 E = Experience gained in this place as a percentage of experience gained in the entire game.
 F = Experience gained in this place divided by the number of levels of this place that you have seen.
                   A       B       C       D       E      F
               +-------+-------+-------+-------+-------+----------------------
         Total | 100.0 | 100.0 | 100.0 |   N/A | 100.0 |  28.5
       Dungeon | 100.0 | 100.0 | 100.0 |   N/A | 100.0 |  28.5
               +-------+-------+-------+-------+-------+----------------------

Table legend: (Time is in decaauts)
 A = Elapsed time spent in this place.
 B = Non-inter-level travel time spent in this place.
 C = Inter-level travel time spent in this place.
 D = Time resting spent in this place.
 E = Time spent auto-exploring this place.
 F = Levels seen in this place.
 G = Mean time per level.
                   A        B        C        D        E       F      G
               +--------+--------+--------+--------+--------+-----+--------+
         Total |   2431 |   2321 |    110 |      0 |   1798 |   4 |  607.8 |
       Dungeon |   2431 |   2321 |    110 |      0 |   1798 |   4 |  607.8 |
               +--------+--------+--------+--------+--------+-----+--------+

Top non-repeatable levels by time:
     D:1: 1035 daAuts
     D:3: 719 daAuts
     D:2: 613 daAuts
     D:4: 63 daAuts
